 Dungeon Crawl Stone Soup version 0.31-a0-246-g8cbcc1c (webtiles) character file.

Game seed: 17118048360008798747

112 BingusPrime the Changeling (level 4, -3/30 HPs)
             Began as an Octopode Shapeshifter on July 12, 2023.
             Was a Believer of Makhleb.
             Slain by a cerulean imp
             ... wielding a +0 spear
             ... summoned by Natasha
              (5 damage)
             ... on level 2 of the Dungeon.
             The game lasted 00:03:22 (1265 turns).

BingusPrime the Changeling (Octopode Shapeshifter)  Turns: 1265, Time: 00:03:23

Health: -3/30      AC:  1    Str: 14    XL:     4   Next: 93%
Magic:  4/4        EV: 13    Int: 10    God:    Makhleb [**....]
Gold:   65         SH:  0    Dex: 14    Spells: 3/3 levels left

rFire   . .          .
                       - Unarmed
rCold   . . .        (no shield)
rNeg    . . .        (helmet currently unavailable)
rPois   .            (no amulet)
rElec   .            (no ring)
rCorr   .            (no ring)
SInv    .            (no ring)
Will    .....        (no ring)
Stlth   ++           (no ring)
HPRegen 0.25/turn    (no ring)
MPRegen 0.09/turn    (no ring)
                     (no ring)

%: no passive effects
@: beast-form, slowed, very slow
A: beast (slay +2), almost no armour, amphibious, 8 rings, camouflage 1,
gelatinous body 1, (nimble swimmer 1), tentacles
a: Renounce Religion, Minor Destruction


You were on level 2 of the Dungeon.
You worshipped Makhleb.
Makhleb was pleased with you.
You were a hulking beast.
You visited 1 branch of the dungeon, and saw 2 of its levels.

You collected 65 gold pieces.

Inventory:

Missiles
 l - 5 poisoned darts
Talismans
 b - a beast talisman
Scrolls
 g - 3 scrolls of teleportation {unknown}
 h - a scroll of immolation {unknown}
 i - a scroll of enchant weapon {unknown}
 j - 2 scrolls of vulnerability {unknown}
Potions
 a - a potion of lignification
 c - a potion of curing {unknown}
 d - a potion of berserk rage {unknown}
 e - 2 potions of degeneration {unknown}
 f - a potion of resistance {unknown}
 k - a potion of might {unknown}


   Skills:
 + Level 2.6 Fighting
 + Level 2.5 Dodging
 * Level 3.2 Unarmed Combat
 * Level 3.7 Shapeshifting


You had 3 spell levels left.
You didn't know any spells.
Your spell library was empty.

Dungeon Overview and Level Annotations

Branches:
Dungeon (2/15)

Altars:
Makhleb

Annotations:
D:2 Natasha


Innate Abilities, Weirdness & Mutations

You are a hulking beast.
Your limbs bulge with bestial killing power. (Slay +2)
You cannot wear most types of armour.
You are amphibious.
You can wear up to eight rings at the same time.
Your skin changes colour to match your surroundings (Stealth+).
Your rubbery body absorbs attacks. (AC +1, EV +1)
((You are camouflaged when in or above water. (Stealth+)))
You have tentacles for arms and can constrict up to eight enemies at once.


Message History

Found a hand axe.
Found a hand axe. 2 gnolls come into view.
The gnoll shouts!
You hear a shout!
The gnoll shouts!
A gnoll comes into view. It is wielding the +5 woodcutter's axe.
Natasha, Servant of Life and Death comes into view.
The gnoll moves out of view.
A gnoll sergeant comes into view. It is wielding a +0 trident.
The gnoll sergeant moves out of view.
The gnoll hits you with a +0 halberd!
Ouch! That really hurt!
You tentacle-slap the gnoll but do no damage.
You grab the gnoll. You constrict the gnoll. The gnoll barely misses you.
You tentacle-slap the gnoll.
The gnoll is lightly wounded.
You constrict the gnoll. The gnoll barely misses you.
You tentacle-slap the gnoll but do no damage.
You squeeze the gnoll.
The gnoll is heavily wounded.
You constrict the gnoll. The gnoll hits you with a +0 halberd!
* * * LOW HITPOINT WARNING * * *
Natasha hisses angrily.
You tentacle-slap the gnoll.
You kill the gnoll!
Makhleb accepts your kill.
You feel better.
Natasha casts a spell.
The cerulean imp attacks as you move away!
The cerulean imp hits you with a +0 spear.
* * * LOW HITPOINT WARNING * * *
The cerulean imp hits you from afar with a +0 spear.
* * * LOW HITPOINT WARNING * * *
Natasha mumbles some strange words.
Natasha mumbles some strange words.
Natasha's front paws start to glow.
Natasha stares at you and mumbles some strange words.
You feel yourself slow down.
There is a stone staircase leading up here.
The cerulean imp hits you from afar with a +0 spear.
You die...

####..###..............##
##.###.......#.....###
#(....####.......###.
###.########.####...##)
##.....# #...# #....)g
#..###.# #.### #...###
#....#.####.# #..#.#
####.....##.####..##..##
#.5.h.........####...
###....................
#.h.....##.###.........
#.#####.....####.......
####.# #...#.#...##.....
#....# #...#.#..........
#h#### #...#............
#.# #...##.......#### #h#
#######.....## #


You could see Natasha and a cerulean imp (summoned).

Vanquished Creatures
  Natasha (D:2)
  Robin (D:2)
  A gnoll (D:2)
  An adder (D:2)
  A worm (D:2)
  A ball python (D:1)
  4 endoplasms
  A giant cockroach (D:1)
  6 goblins
  13 hobgoblins
  5 kobolds
  2 quokkas (D:2)
  3 bats
  5 frilled lizards
  4 rats
49 creatures vanquished.

Notes
Turn   | Place    | Note
-------+----------+-------------------------------------------
     0 | D:1      | BingusPrime the Octopode Shapeshifter began the quest for
                  | the Orb.
     0 | D:1      | Reached XP level 1. HP: 14/14 MP: 1/1
   168 | D:1      | Reached XP level 2. HP: 19/19 MP: 2/2
   339 | D:1      | Found a faded altar of an unknown god.
   350 | D:1      | Prayed at the altar of an unknown god.
   350 | D:1      | Became a worshipper of Makhleb the Destroyer
   350 | D:1      | Reached * piety under Makhleb
   656 | D:2      | Reached XP level 3. HP: 21/24 MP: 3/3
   888 | D:2      | Noticed Robin
  1011 | D:2      | Reached ** piety under Makhleb
  1022 | D:2      | Killed Robin
  1023 | D:2      | Reached XP level 4. HP: 29/30 MP: 4/4
  1096 | D:2      | Noticed Natasha
  1103 | D:2      | Killed Natasha
  1233 | D:2      | Noticed Natasha
  1234 | D:2      | Noticed a gnoll sergeant
  1262 | D:2      | HP: 1/30 [cerulean imp/+0 spear[Natasha] (4)]
  1265 | D:2      | Slain by a cerulean imp

Illustrated notes

Levels and vault maps discovered:
D:1:      dpeg_arrival_leaves_temple_mockup, layout_basic,
          ebering_ecumenical_altar_hall
D:2:      layout_rooms, pf_guarded_unrand_woodcutter, uniq_robin, uniq_natasha

Skill      XL: |  1  2  3  4 |
---------------+-------------+-----
Unarmed Combat | 3 |  3.2
Fighting       | |  2.6
Dodging        | |  2.5
Shapeshifting  | |  3.7

Action                     |  1- 3 |  4- 6 || total
---------------------------+-------+-------++-------
  Melee: Unarmed           |    65 |    21 ||    86
         Constrict         |    26 |     5 ||    31
         Punch             |     5 |       ||     5
         Tentacles         |    16 |     3 ||    19
   Stab: Sleeping          |     5 |       ||     5
         Distracted        |     1 |       ||     1
 Armour: Skin              |     5 |       ||     5
  Dodge: Dodged            |    34 |    12 ||    46

Table legend: (Time is in decaauts)
 A = Elapsed time spent in this place.
 B = Non-inter-level travel time spent in this place.
 C = Inter-level travel time spent in this place.
 D = Time resting spent in this place.
 E = Time spent auto-exploring this place.
 F = Levels seen in this place.
 G = Mean time per level.
                   A        B        C        D        E       F      G
               +--------+--------+--------+--------+--------+-----+--------+
         Total |   1260 |   1146 |    114 |     40 |    812 |   2 |  630.0 |
       Dungeon |   1260 |   1146 |    114 |     40 |    812 |   2 |  630.0 |
               +--------+--------+--------+--------+--------+-----+--------+

Top non-repeatable levels by time:
     D:1: 716 daAuts
     D:2: 544 daAuts
